AoeStats
← 文風

Coastal Forest

510416168Analyzed
3v3 RM · 1d ago on Sep 30, 2026· 7m 58s· 6 players
Game mode
Random Map
Map size
Normal (6 player)
Population
200
Speed
Normal
Resources
Standard
Victory
Conquest
Starting age
Dark Age
Ending age
Imperial Age
RankedLock teamsTeams togetherTeam positionsShared explorationLock speedFull tech treeHidden civsTurbo modeCheats
Victory
Defeat
🇭🇰 Persians · Hong Kong SAR China
1487
+11
🇬🇧 Malay · United Kingdom
1394
+15
🇨🇴 Dravidians · Colombia
1375
+16
🇦🇷 Huns · Argentina
1415
-15
🇦🇷 Magyars · Argentina
1369
-14
🇦🇷 Khmer · Argentina
1340
-13
God Of The Sea People
5:58 Loom
文風
7:07 Loom
FkeVriX
8:03 Loom
Busco señora que cobre PUAM
4:39 Loom
7:47 Feudal Age
Don Tani
9:24 Feudal Age
ROSHI EL MAESTRO DEL AGE
5:28 Loom
9:35 Feudal Age
Connection lost

Rejoining the realm…

Still unreachable

The connection could not be restored.

Session expired

The server has moved on; the page needs a fresh start.